[Event "CZE-ch U16 Open 2023"]
[Site "Teplice"]
[Date "2023.03.13"]
[Round "4.7"]
[White "Mametev, Artem"]
[Black "Vilimek, Vit"]
[Result "1/2-1/2"]
[ECO "B12"]
[WhiteElo "2074"]
[BlackElo "2018"]
[Annotator "TA"]
[PlyCount "88"]
[EventDate "2023.03.09"]
[EventType "swiss"]
[EventCountry "CZE"]
[SourceTitle "playchess.com"]
[Source "ChessBase"]
[SourceQuality "1"]
[TimeControl "40/5400+30:1800+30"]

1. e4 c6 2. d4 d5 3. e5 c5 4. dxc5 e6 5. Be3 Nd7 6. Nf3 {[%emt 0:00:58] B12: Caro-Kann: Advance Variation.} Ne7 7. c3 (7. c4 $14) 7... Nc6 8. Bb5 Bxc5 9. Bxc5 Nxc5 10. O-O Qb6 {[%emt 0:02:36] [#]} 11. Bxc6+ $146 ({Predecessor:} 11. a4 O-O 12. Nbd2 a5 13. Qe2 Na7 14. b4 Nd7 15. Bd3 h6 16. b5 Nc5 17. Bc2 {0-1 Kovchan,A (2536)-Kornev,A (2558) Serpukhov-A 2003 (9)}) 11... bxc6 12. b4 Ne4 (12... Nd7 $15) 13. Nfd2 $11 Nxd2 ({Don't play} 13... Ba6 14. Nxe4 dxe4 15. Re1 $14) 14. Nxd2 c5 15. Qg4 O-O 16. bxc5 Qxc5 17. Qd4 Qa5 18. Nb3 Qc7 19. Nc5 a5 20. f4 (20. Rfc1 $11) 20... Ba6 $17 21. Nxa6 Rxa6 22. f5 Qa7 (22... Rc8 $17 23. f6 Rc6) 23. fxe6 fxe6 24. Rxf8+ Kxf8 25. Rb1 {[%emt 0:01:40] [#]} Qxd4+ $1 26. cxd4 {[%emt 0:00:01][%mdl 4096] Endgame KR-KR} Kf7 ({Better is} 26... Rc6 $15) 27. Rb7+ {[%emt 0:10:52] The position is equal.} Kg6 28. Re7 Rc6 29. g4 Rc4 30. Rxe6+ Kf7 31. Rd6 Rxd4 32. h3 Rd2 33. a4 h6 34. Kf1 Rh2 35. Rxd5 Rxh3 36. Kg2 Re3 37. Rxa5 Ke6 38. Ra7 Rxe5 39. Rxg7 Re4 40. a5 Kf6 {[%emt 0:00:08] Dodges Rg6+} 41. Kf3 Ra4 42. Ra7 Ra3+ 43. Kf4 {[%emt 0:01:12] [#] aiming for Ra6+.} Ra4+ 44. Kg3 Ke5 $2 {[%mdl 40960] Weighted Error Value: White=0.10 (very precise) /Black=0.13 (very precise) . An unexpected result.} (44... Kg5 $11) 1/2-1/2

[Event "CZE-ch U16 Open 2023"]
[Site "Teplice"]
[Date "2023.03.13"]
[Round "4.8"]
[White "Dolensky, Filip"]
[Black "Slaby, Matej"]
[Result "1-0"]
[ECO "B13"]
[WhiteElo "2108"]
[BlackElo "1932"]
[Annotator "TA"]
[PlyCount "107"]
[EventDate "2023.03.09"]
[EventType "swiss"]
[EventCountry "CZE"]
[SourceTitle "playchess.com"]
[Source "ChessBase"]
[SourceQuality "1"]
[TimeControl "40/5400+30:1800+30"]

1. e4 c6 2. d4 d5 3. exd5 cxd5 4. Bd3 Nc6 5. c3 Nf6 6. Bf4 Qb6 7. Qb3 $1 {[%emt 0:00:43] The main line 7.Qb3 scores better than 7.Qc2.} Qxb3 8. axb3 Bg4 {[%emt 0:00:18] B13: Caro-Kann: Exchange Variation and Panov-Botvinnik Attack.} 9. Nd2 e6 10. b4 Nd7 (10... Nh5 $14 11. Bg3 g6) 11. Ngf3 Be7 12. O-O O-O {[%emt 0:00:15] [#]} 13. Ra2 $146 (13. b5 $16 Nd8 14. Rfe1) ({Predecessor:} 13. b5 Nd8 14. Ne5 Nxe5 15. dxe5 Bc5 16. b4 Bb6 17. c4 dxc4 18. Nxc4 Bd4 19. Rac1 {1-0 Castellanos Rodriguez,C (1821)-Nino Perez,D (1982) Tercer Piso op 2015 (1)}) 13... f6 (13... a6 $14 {should be considered.}) 14. b5 $16 Nd8 15. h3 Bxf3 (15... Bf5 $16 16. Bxf5 exf5) 16. Nxf3 $18 (16. gxf3 $6 e5 $14) 16... Nf7 17. Re1 e5 {[%emt 0:07:36] Black is weak on the light squares} 18. dxe5 fxe5 19. Bf5 Nb6 20. Be3 {[%emt 0:03:05] aiming for Be6. A strong pair of Bishops.} ({Reject} 20. Nxe5 $6 Nxe5 21. Rxe5 Bd6 $11) 20... Bf6 21. Be6 {[%emt 0:07:10] White is much more active.} (21. Rea1 $142 {[%cal Oe3b6] Bxb6! is the strong threat.} Rad8 22. Rxa7) 21... Rae8 22. Bxf7+ (22. Bg4 $16) 22... Rxf7 $14 23. b3 Rfe7 (23... Nc8 $11) 24. Rd1 (24. Rxa7 $5 d4 25. cxd4 exd4 26. Bd2 $14) 24... d4 25. cxd4 e4 26. Nd2 Nd5 27. Rc2 {[%emt 0:00:17] Wards off Nc3} Nc7 {[%emt 0:03:26] [#]} (27... Rd7 $14) 28. b6 $1 axb6 29. Nc4 ({White should play} 29. Nxe4 $1 $14 Nd5 30. Nxf6+ gxf6 31. Ra1) 29... Nd5 $11 30. Rcd2 Rd8 31. Kf1 (31. Rc2 $11) 31... b5 $17 32. Ne5 Bxe5 ({Black should try} 32... Rc7 $17 {Strongly threatening ...Rc3.} 33. Ng4 Rc3) 33. dxe5 $11 Nxe3+ 34. fxe3 $17 {[%emt 0:00:07][%mdl 4096] Endgame KRR-KRR} Rf8+ 35. Kg1 Rxe5 36. Rd8 Rxd8 37. Rxd8+ $11 {[%emt 0:00:06] KR-KR} Kf7 38. Rd7+ Re7 39. Rd5 b6 40. Rxb5 Re6 41. Kf2 Ke7 (41... Rf6+ $11 42. Kg1 Rc6) 42. Kg3 h6 (42... Rg6+ $14 43. Kh2 Kd7) 43. Kf4 $16 {[%emt 0:01:22] Hoping for Re5.} Kd7 44. g4 g6 {[%emt 0:00:00] [#]} (44... Rg6 {might work better.} 45. Rd5+ (45. Kxe4 Ke7 $16) 45... Ke7 46. Kxe4 Rc6) 45. h4 $1 $18 Rf6+ 46. Kxe4 Kc6 47. Re5 Kd7 48. g5 hxg5 49. Rxg5 Kd6 50. Kd4 Re6 $2 (50... Ke7 51. Re5+ Kd7) 51. e4 {[%emt 0:00:00][%cal Be3e4,Be4e5][%mdl 32] White is clearly winning.} Kc6 52. e5 {[%emt 0:00:00] Repels Rf6} Kd7 53. Kd5 Rc6 54. b4 {[%emt 0:00:00] Inhibits Rc5+.   Weighted Error Value: White=0.20 (precise) /Black=0.39} 1-0

[Event "CZE-ch U16 Open 2023"]
[Site "Teplice"]
[Date "2023.03.13"]
[Round "4.9"]
[White "Svoboda, Daniel"]
[Black "Zezula, Jakub"]
[Result "1-0"]
[ECO "C47"]
[WhiteElo "1748"]
[BlackElo "1963"]
[Annotator "TA"]
[PlyCount "105"]
[EventDate "2023.03.09"]
[EventType "swiss"]
[EventCountry "CZE"]
[SourceTitle "playchess.com"]
[Source "ChessBase"]
[SourceQuality "1"]
[TimeControl "40/5400+30:1800+30"]

1. e4 e5 2. Nf3 Nc6 3. Nc3 Nf6 4. d4 exd4 5. Nxd4 Bb4 6. Nxc6 bxc6 7. Bd3 d6 8. Bg5 h6 {[%emt 0:00:00][%cal Bh7h6,Bh6h5,Bh5h4][%mdl 32] C47: Scotch Four Knights and Four Knights with 4 g3.} 9. Bh4 Be6 10. O-O g5 {[%emt 0:00:06] White has an edge.} 11. Bg3 h5 {[%emt 0:01:35] Threatens to win with ...h4.} 12. f3 h4 13. Bf2 g4 (13... h3 $11 {deserves consideration.}) 14. Bd4 $14 g3 15. h3 Bc5 16. Bxc5 dxc5 {[%emt 0:00:03] [#]} 17. Ba6 $146 (17. f4 $1 $16) ({Predecessor:} 17. Be2 Qc8 18. f4 Bxh3 19. f5 Bxg2 20. Kxg2 Ke7 21. e5 Nd5 22. Nxd5+ cxd5 23. f6+ {1-0 Zavivaeva,E (1735)-Starosta,M (2079) Speed Chess (Women) Q5 blitz 2020 (13)}) 17... Qxd1 (17... Qd4+ $14 18. Qxd4 cxd4) 18. Raxd1 $16 Rb8 19. b3 Ke7 (19... c4 $142) 20. Na4 (20. f4 $142 $1) 20... c4 21. Nb2 $1 ({Reject} 21. bxc4 Rh5 22. c5 Rb4 $11) ({Of course not} 21. Bxc4 $6 Bxc4 22. bxc4 Rb4 $11) 21... cxb3 22. cxb3 (22. axb3 $16 Rhd8 23. Nd3) 22... Rhd8 $11 23. Bc4 {[%emt 0:01:58] White is weak on the dark squares} Rxd1 24. Rxd1 Nh5 25. Bxe6 fxe6 {[%emt 0:04:41][%mdl 4096] Endgame KRN-KRN} 26. Nc4 Nf4 27. Ne5 Rb6 (27... Rb5 $142 28. Nxc6+ Kf6) 28. Rd7+ Ke8 {[%emt 0:01:38] Strongly threatening ...Rb5.} 29. Rxc7 {[%emt 0:00:47] White is more active.} Ra6 30. Rc8+ $1 (30. Nxc6 $2 {loses.} Rxa2 31. Rxa7 Rb2 32. Ra8+ Kd7 33. Ne5+ Kc7 $19) 30... Ke7 31. Nxc6+ Kd7 $2 ({Black should try} 31... Kf6 $14 32. a4 e5) 32. Nb8+ $18 Kxc8 33. Nxa6 {[%emt 0:00:03] KN-KN} Kb7 34. Nb4 Kb6 35. Kf1 $2 ({White must play} 35. a3 $1 $18) 35... Kc5 $2 ({Black should play} 35... Kb5 $1 $14 36. Nc2 Kc5) 36. Nc2 (36. a3 $1 $18 {has better winning chances.}) 36... a5 $2 {[%emt 0:01:06][%mdl 8192] [#]} (36... a6 $16 {is a better chance.}) 37. a3 $1 Nd3 {[%emt 0:00:34] [#]} 38. b4+ $1 axb4 39. axb4+ (39. Nxb4 $142 Nf4 40. Na2) 39... Kb6 $2 (39... Kc4) 40. Nd4 {[%emt 0:00:59] White is clearly winning.} Nf4 41. Ne2 Nd3 42. f4 Nxb4 43. Nd4 {[%emt 0:01:13] Dodges Nc2} e5 44. fxe5 Nd3 45. e6 {[%emt 0:05:23] White threatens e7 and mate.} Kc7 46. Ke2 Ne5 47. Nf5 Kd8 48. Nxh4 Ke7 49. Nf5+ Kxe6 50. Nxg3 Ng6 51. Nf5 Nf4+ 52. Kf3 Ke5 53. h4 {[%emt 0:00:50] Weighted Error Value: White=0.24 (precise) /Black=0.53} 1-0

[Event "CZE-ch U16 Open 2023"]
[Site "Teplice"]
[Date "2023.03.13"]
[Round "4.10"]
[White "Mohapl, Tomas"]
[Black "Tesar, Jakub"]
[Result "0-1"]
[ECO "D20"]
[WhiteElo "1946"]
[BlackElo "1960"]
[Annotator "TA"]
[PlyCount "86"]
[EventDate "2023.03.09"]
[EventType "swiss"]
[EventCountry "CZE"]
[SourceTitle "playchess.com"]
[Source "ChessBase"]
[SourceQuality "1"]
[TimeControl "40/5400+30:1800+30"]

1. d4 d5 2. c4 dxc4 3. e4 b5 4. a4 c6 5. Nc3 b4 6. Na2 {[%emt 0:00:22] [#]} e5 7. Nf3 $14 {[%emt 0:15:03] D10: Slav Defence: 3 cxd5 (without early Nf3) and 3 Nc3.} exd4 8. Bxc4 Nf6 {[%emt 0:19:26] [#]} (8... Ba6 $14 {is superior.} 9. Bxa6 (9. Qxd4 $2 Qxd4 {[%mdl 64] Remove Defender} 10. Nxd4 Bxc4 $19) 9... Nxa6) 9. e5 $146 (9. Nxd4 Bd6 $11) (9. Qxd4 $6 Qxd4 10. Nxd4 Bc5 $11) (9. Qb3 $16 Qe7 10. O-O) ({Predecessor:} 9. Ng5 Be6 10. Nxe6 fxe6 11. O-O e5 12. f4 Bd6 13. fxe5 Bxe5 14. Nxb4 Nbd7 15. Nxc6 {1-0 Harshavardhan,G (2397)-Guimaraes,D (2248) Titled Tuesday intern op 27th Apr blitz 2021 (9)}) 9... Nd5 $11 10. Nxd4 (10. Bg5 $14 Be7 11. Bxe7 Qxe7 12. Qxd4 (12. Nxd4 Nb6 $15)) 10... Nb6 (10... Bc5 $1 $11) 11. Bb3 $16 Ba6 $2 ({Better is} 11... Bc5 $14 12. Be3 Bxd4 13. Qxd4 (13. Bxd4 Nd5 $14) 13... Qxd4 14. Bxd4 Na6) 12. Be3 $18 {[%emt 0:09:56] Black must now prevent Qf3.} c5 13. Nb5 ({White should play} 13. e6 $16 f5 14. Nxf5 Qxd1+ 15. Bxd1 (15. Rxd1 Bc4 $16)) 13... Qxd1+ $14 {[%emt 0:00:14][%mdl 64] Remove Defender} 14. Bxd1 Bxb5 15. axb5 {[%emt 0:00:22] Bf3 is the strong threat.} N8d7 16. Bf3 Rc8 (16... O-O-O $1 $14) 17. Bc6 $16 {[%emt 0:04:07] This pair of bishops is nice.} Nc4 18. Nc1 Nxe3 $2 (18... Ncxe5 $14 19. Bxd7+ (19. Rxa7 Nxc6 20. bxc6 Ne5 $15) 19... Kxd7) 19. fxe3 $2 (19. Rxa7 $1 $18 {is the precise move to win.} Nxg2+ 20. Kf1) 19... Rc7 {[%emt 0:00:22] Black is weak on the light squares} 20. Nd3 Kd8 21. Nf4 $36 {[%emt 0:02:28][%mdl 2048] Threatens to win with Nd5. White is in control.} Nb6 (21... Nxe5 $16 {was called for.} 22. Nd5 Rxc6 23. bxc6 Nxc6) 22. O-O (22. e4 $18 {Hoping for Nd5.} c4 23. O-O-O+ Kc8 24. Nd5) 22... Kc8 $2 (22... c4 $14) 23. Nd5 $18 Rxc6 24. bxc6 Nxd5 25. Rxa7 {[%emt 0:00:49] Strongly threatening Rd1.} f6 (25... c4 $142 26. Rfxf7 (26. Raxf7 Bc5 $14) 26... Ne7) 26. e4 $2 (26. Rd1 $18 Ne7 27. Rdd7 Nxc6 28. Rac7+ Kb8 29. Rxc6) 26... Ne3 (26... Nc7 $11) 27. Rf3 $2 (27. Rfa1 {Threatening mate with Rb7.} Nc4 28. Rb7) 27... Ng4 28. exf6 g6 (28... gxf6 {is a better defense.} 29. h3 c4) 29. f7 c4 30. Ra8+ (30. Kh1 $142) 30... Kc7 {[%emt 0:00:05] The board is on fire.} 31. Kh1 {[%emt 0:00:07] And now Re8 would win.} Kxc6 32. h3 Ne5 33. Rf6+ {[%emt 0:00:25][%mdl 1024] White has strong compensation.} Kb7 $2 (33... Kb5) 34. Re8 Nd7 (34... Nd3 $2 35. Rf1 $18) 35. Rf3 (35. Rf1 $142) 35... Bg7 {[%emt 0:01:44] [#] ...Rf8 would be deadly.} 36. b3 $2 {[%emt 0:01:19] [#]} (36. e5 $1 $18 Bxe5 37. Rg8 (37. f8=R Rxf8 38. Rfxf8 Nxf8 $11) (37. Rxe5 $2 Nxe5 38. f8=Q Rxf8 $19)) 36... c3 ({Black should try} 36... Rf8 $1 $17 37. bxc4 Kc6) 37. Rf2 $2 (37. Rg8 $1 $14 Be5 38. Rf1) 37... Rf8 $19 38. Kh2 Nc5 (38... Kc6 $142 39. g3 Nc5) 39. Rxf8 $2 (39. e5 Nd3 {[%mdl 64] Deflection} 40. Re2 Bxe5+ 41. R2xe5 Rxf7 42. Re2) 39... Bxf8 40. e5 Nxb3 {[%emt 0:01:17] ( -> ...Nd4)} 41. Re2 Nd4 {[%emt 0:01:17] Black mates.} 42. Re1 c2 43. e6 {[%emt 0:01:26] [#]} Nxe6 $1 {[%emt 0:01:05][%mdl 576] Promotion. An exciting game.   Weighted Error Value: White=1.10/Black=0.79} 0-1

[Event "CZE-ch U16 Open 2023"]
[Site "Teplice"]
[Date "2023.03.13"]
[Round "4.11"]
[White "Sigut, Ondrej"]
[Black "Davidek, Zdenek"]
[Result "0-1"]
[ECO "C86"]
[WhiteElo "1804"]
[BlackElo "1957"]
[Annotator "TA"]
[PlyCount "46"]
[EventDate "2023.03.09"]
[EventType "swiss"]
[EventCountry "CZE"]
[SourceTitle "playchess.com"]
[Source "ChessBase"]
[SourceQuality "1"]
[TimeControl "40/5400+30:1800+30"]

1. e4 e5 2. Nf3 Nc6 3. Bb5 a6 4. Ba4 Nf6 5. Qe2 b5 6. Bb3 Be7 7. O-O O-O 8. c3 d5 9. exd5 Nxd5 10. Nxe5 Nxe5 11. Qxe5 Nf6 12. d4 {[%emt 0:08:18] C86: Closed Ruy Lopez: Worrall Attack.} Bd6 13. Qe2 Re8 14. Qd1 {[#] The position is equal.} Ng4 $146 ({Predecessor:} 14... Bb7 15. a4 Qd7 16. h3 Rad8 17. Na3 Qf5 18. axb5 Bxg2 {½-½ Fuchs,J (2052)-Schoesser,M (1838) GER T269-C86-S email 2017}) 15. f4 $2 (15. g3 $14 {stays ahead.}) 15... Qh4 $1 $19 16. h3 {[%emt 0:01:55] [#] Qf3 would be deadly.} Qg3 17. hxg4 Bxg4 18. Bxf7+ {[%emt 0:08:23] [#]} Kxf7 $2 (18... Kh8 $1 $19 {has better winning chances.} 19. Bxe8 Bxd1) 19. Qb3+ $17 Be6 {[%emt 0:00:16] Black has more active pieces. A strong pair of Bishops.} 20. Qc2 (20. c4 $17 Qg4 21. Nd2) 20... Bc4 $19 21. Qxh7 $2 (21. Qf5+ Kg8 22. Nd2 Bxf1 23. Nxf1) 21... Bxf1 {[%emt 0:01:30][%csl Gf1][%cal Rg3g2] Black is clearly winning.} 22. Qf5+ Ke7 23. Kxf1 Rf8 {[%emt 0:00:31] Weighted Error Value: White=1.43/Black=0.36} (23... Rh8 $142 24. Qg5+ Qxg5 25. fxg5 Rh1+ {[%mdl 64] Skewer} 26. Ke2 Rxc1) 0-1

[Event "CZE-ch U16 Open 2023"]
[Site "Teplice"]
[Date "2023.03.13"]
[Round "4.12"]
[White "Mrazek, Adam"]
[Black "Hozda, Max"]
[Result "0-1"]
[ECO "D44"]
[WhiteElo "1745"]
[BlackElo "2067"]
[Annotator "TA"]
[PlyCount "58"]
[EventDate "2023.03.09"]
[EventType "swiss"]
[EventCountry "CZE"]
[SourceTitle "playchess.com"]
[Source "ChessBase"]
[SourceQuality "1"]
[TimeControl "40/5400+30:1800+30"]

1. c4 c6 2. Nc3 d5 3. d4 Nf6 4. Nf3 e6 5. Bg5 dxc4 6. e4 b5 7. e5 h6 8. Bh4 g5 9. Nxg5 hxg5 10. Bxg5 Nbd7 11. g3 Bb7 12. Bg2 Qa5 13. exf6 O-O-O 14. O-O {D44: Semi-Slav: Botvinnik System.} Ne5 15. Qe2 Nd3 16. Be3 {White is better.} c5 {[#]} (16... b4 $16) 17. dxc5 $146 ({Predecessor:} 17. Bxb7+ Kxb7 18. dxc5 Bxc5 19. Bxc5 Nxc5 20. a4 b4 21. Nb5 Nd3 22. Qe4+ Kb8 23. Qxc4 {1-0 Sobek,J (2221)-Vesely,L (2217) CZE-chT2F 1617 2016 (5.3)}) 17... Bxg2 18. Kxg2 Bxc5 (18... Qc7 $142) 19. Bxc5 $18 Nxc5 20. a4 $1 Nb3 (20... b4 {was called for.}) 21. Nxb5 Nxa1 22. Qxc4+ Kb7 {[%cal Oa5b6] [#]} 23. Rxa1 (23. Qe4+ $1 $18 {and the rest is easy.} Rd5 24. Rxa1) 23... Qb6 $16 {[%cal Oh8h2] Hoping for ...Rxh2+!} 24. b4 $2 {[%mdl 8192] [#] Loses the game.} (24. Rc1 $2 Rxh2+ 25. Kxh2 Qxf2+ 26. Kh1 Rh8+ $19) (24. h4 $16) 24... Rxh2+ $3 $19 {[%mdl 576] Decoy} 25. Kxh2 Qxf2+ 26. Kh3 Qf5+ {Black mates.} ({But not} 26... Qxf6 27. Qc7+ Ka8 28. Qxa7#) 27. g4 Qf3+ 28. Kh4 Qf2+ 29. Kh5 Qh2+ {Ingenious play by Hozda!   Weighted Error Value: White=0.85/Black=0.21 (precise)} 0-1

[Event "CZE-ch U16 Open 2023"]
[Site "Teplice"]
[Date "2023.03.14"]
[Round "5.1"]
[White "Prazak, Daniel"]
[Black "Paseka, Matyas"]
[Result "1/2-1/2"]
[ECO "B51"]
[WhiteElo "2064"]
[BlackElo "2082"]
[Annotator "TA"]
[PlyCount "120"]
[EventDate "2023.03.09"]
[EventType "swiss"]
[EventCountry "CZE"]
[SourceTitle "playchess.com"]
[Source "ChessBase"]
[SourceQuality "1"]
[TimeControl "40/5400+30:1800+30"]

1. e4 c5 2. Nf3 d6 3. Bb5+ Nd7 4. a4 Ngf6 5. Nc3 a6 6. Be2 {[%emt 0:00:08] B51: Sicilian: Moscow Variation (3 Bb5+) without 3...Bd7.} b6 7. d4 cxd4 8. Qxd4 {[%emt 0:00:08] The position is equal.} e5 9. Qe3 Bb7 10. O-O Be7 11. Nd2 O-O 12. Rd1 Qc7 13. Nc4 Rad8 14. b3 Nc5 15. Bf3 Ncxe4 {[%emt 0:13:15][%mdl 64] Remove Defender, Decoy} 16. Nxe4 {[%emt 0:13:48] [#]} (16. Bxe4 Nxe4 17. Nxe4 d5 $15) 16... Nxe4 $146 ({Predecessor:} 16... Bxe4 17. Bxe4 d5 18. Bb2 Nxe4 19. Bxe5 Qc6 20. Qxb6 Qc8 21. Ne3 Nxf2 22. Rxd5 Rxd5 23. Nxd5 Bc5 24. Ne7+ {½-½ Valenzuela Gomez,F (2390)-Papadiamandis,E (2134) Sitges Sunway 7th 2020 (5)}) 17. Bxe4 d5 {[%emt 0:00:08] [#]} 18. Bb2 $1 dxe4 (18... f6 19. Qxb6) 19. Bxe5 Qc5 (19... Rxd1+ $11 20. Rxd1 Rd8) 20. Bd4 $36 {[%emt 0:01:48][%mdl 2048] Keeping Black busy.} Rxd4 21. Qxd4 ({Worse is} 21. Rxd4 Bg5 22. f4 exf3 $15) 21... Qxd4 22. Rxd4 {[%emt 0:00:09][%cal Oa1d1] Threatens to win with Rad1!} Bf6 {[%emt 0:00:06] [#]} 23. Rad1 {[%emt 0:01:46] Rd6 is the strong threat.} Bxd4 24. Rxd4 {[%emt 0:00:07][%mdl 4096] Endgame KRB-KRN} b5 25. axb5 axb5 26. Nd6 Ra8 {[%emt 0:00:43] ( -> ...Ra1+)} 27. h3 {[%emt 0:02:06] White is much more active.} (27. Nxb7 $2 {is a self mate.} Ra1+) 27... Bc6 28. Nxe4 Bxe4 29. Rxe4 {[%emt 0:00:07] KR-KR} g6 30. Rb4 Ra1+ 31. Kh2 Ra2 32. c3 Rc2 33. Rxb5 {[%emt 0:00:22] aiming for c4.} Rxc3 34. g3 Rc2 35. Kg2 Rb2 36. h4 h5 37. Kf3 Kg7 38. Rb6 Rb1 ({Black should try} 38... f6) 39. b4 Rb3+ 40. Kf4 Rb2 41. f3 Rb1 $2 (41... Kf8 $16 42. g4 Rh2) 42. Rb7 ({White must play} 42. b5 $18) 42... Kf6 43. b5 Rb4+ 44. Ke3 Rb3+ 45. Ke4 Ke6 46. b6 Kf6 $2 (46... Rb4+ $16 {is more resistant.} 47. Kd3 Kd5) 47. Rb8 $2 (47. Kd5 $18 {is the precise move to win. Hoping for Kc5.} Rxf3 48. Kc4 Rxg3 49. Rc7) 47... Kg7 $2 (47... Ke6 $16 {is a better chance.} 48. b7 Rb4+ 49. Kd3 Ke7) 48. b7 $2 (48. Kd4 $18) 48... Rb1 49. Kd3 Rb6 50. Kd4 Rb1 51. g4 hxg4 52. fxg4 Rd1+ 53. Kc3 Rb1 54. h5 gxh5 55. gxh5 Kh7 56. Kd4 Kg7 57. h6+ Kh7 $1 58. Ke5 Re1+ 59. Kf6 Rf1+ 60. Ke7 {[%emt 0:00:05][%cal Ob8h8] Threatening mate with Rh8+!} Re1+ {[%emt 0:00:07] Blacks defense is rewarded with a draw.   Weighted Error Value: White=0.36/Black=0.31} 1/2-1/2

[Event "CZE-ch U16 Open 2023"]
[Site "Teplice"]
[Date "2023.03.14"]
[Round "5.2"]
[White "Fizer, Marek"]
[Black "Seidl, Jan"]
[Result "1-0"]
[ECO "B12"]
[WhiteElo "1929"]
[BlackElo "2025"]
[Annotator "TA"]
[PlyCount "73"]
[EventDate "2023.03.09"]
[EventType "swiss"]
[EventCountry "CZE"]
[SourceTitle "playchess.com"]
[Source "ChessBase"]
[SourceQuality "1"]
[TimeControl "40/5400+30:1800+30"]

1. e4 c6 2. d4 d5 3. f3 e6 4. Nc3 Bb4 5. Bf4 Nf6 6. Qd3 $1 {[%emt 0:00:43] B12: Caro-Kann: Advance Variation.} O-O 7. Nge2 b6 8. Bg5 {[%emt 0:06:50] The position is equal.} Ba6 9. Qe3 Be7 {[%emt 0:00:07] [#]} 10. e5 $146 {[%emt 0:03:24] [#]} (10. h4 $11) ({Predecessor:} 10. O-O-O Ng4 11. fxg4 Bxg5 12. Nf4 c5 13. g3 cxd4 14. Qxd4 Bxf1 15. Rhxf1 Bf6 16. Qa4 {1-0 Cioara,A (2385)-Engqvist,T (2355) Salongernas IM 5th 2005 (3)}) 10... Ng4 $1 $15 {[%emt 0:03:52][%mdl 64] Discovered Attack} 11. Qf4 Bxg5 12. Qxg4 c5 13. f4 Be7 14. O-O-O $1 Nc6 {[%emt 0:09:51] ...b5 is the strong threat.} 15. Kb1 b5 {[%emt 0:09:09][%cal Bb6b5,Bb5b4][%mdl 32] White must now prevent ...b4.} 16. dxc5 $1 Qa5 (16... b4 $15 17. Ne4 Qa5 18. Nf6+ Kh8) 17. Ng3 $2 (17. Nc1 $1 $16) 17... b4 $1 18. Nh5 g6 $36 {[%emt 0:00:08][%mdl 2048] Black has some pressure.} 19. Ne2 (19. Bxa6 bxc3 20. Qg3 Rfb8 $19) 19... Bc4 $1 (19... Bxc5 20. Nf6+ Kg7 21. Ng3 $18) 20. Nc1 {[%emt 0:02:37] Hoping for Nf6+.} Qxc5 21. Nf6+ Bxf6 22. exf6 {[%emt 0:00:11] Threatens to win with Qg5.} Nd4 (22... Bxf1 23. Nb3 Qd6 24. Rhxf1 $14) 23. Bxc4 Qxc4 (23... h5 $2 24. Qg5 Nf5 25. Bd3 $18) 24. Rd2 {[%emt 0:01:34] [#]} Rac8 (24... Rfc8 $1 $17 25. Rhd1 Nf5) 25. Qh3 {[%emt 0:08:50] [#]} (25. Nd3 $1 $11) 25... Kh8 (25... Nxc2 26. Qh6 Na3+ 27. bxa3) ({Black should try} 25... Nf5 $1 $17 26. Nd3 Qd4) 26. Nd3 $14 {[%emt 0:02:57] Ne5 would be deadly.} Nc6 (26... Nxc2 $2 27. Rc1 Na3+ 28. bxa3 $18) (26... Nf5 $1 $14) 27. Qh6 Rg8 {[%emt 0:00:05] Prevents Qg7+} 28. h4 {[%emt 0:02:40] And now h5 would win.} Qe4 29. Qg5 Rc7 30. Re1 (30. h5 $18 {and White stays clearly on top.}) 30... Qc4 $2 (30... Qd4 $16) 31. g4 $18 a5 $2 (31... Qd4 32. Rh2 Na5) 32. h5 a4 33. hxg6 fxg6 34. Ne5 ({Weaker is} 34. Rxe6 Nd4 35. f7 (35. Re7 $2 Nf3 $19) 35... Nxe6 $16) (34. Rh1 $142 {Rdh2 would kill now.} Rgc8 35. Rdh2) 34... Nxe5 35. Qxe5 {[%emt 0:00:10] Threatening mate with f7+.} Rf7 36. Rh2 (36. Qxe6 $142 Qc7 37. g5 (37. Qxd5 Rxf6 38. Qd4 Qxf4 $18)) 36... Re8 $2 (36... Rgf8 $18 37. g5 (37. Qxe6 Rxf6 38. Qe7 R8f7 $11) 37... b3) 37. Reh1 {[%emt 0:00:28] Weighted Error Value: White=0.46/Black=0.63} 1-0